 Dungeon Crawl Stone Soup version 0.28.0-43-g3370ac3207 (webtiles) character file.

Game seed: 17712345087462854345

39 mcbry74 the Chopper (level 3, -11/31 HPs)
             Began as a Hill Orc Monk on Mar 10, 2022.
             Mangled by Crazy Yiuf
             ... wielding a +3 quarterstaff of chaos
              (13 damage)
             ... on level 2 of the Dungeon.
             The game lasted 00:05:19 (1560 turns).

mcbry74 the Chopper (Hill Orc Monk)                 Turns: 1560, Time: 00:05:20

Health: -11/31     AC:  2    Str: 15    XL:     3   Next: 45%
Magic:  3/3        EV: 12    Int: 10    God:
Gold:   30         SH:  0    Dex: 13    Spells: 2/2 levels left

rFire   . . .      SeeInvis .   a - +0 hand axe
rCold   . . .      Faith    .   (no shield)
rNeg    . . .      Spirit   .   b - +0 robe
rPois   .          Reflect  .   (no helmet)
rElec   .          Harm     .   (no cloak)
rCorr   .          Rampage  .   (no gloves)
Will    .....                   (no boots)
Stlth   ++........              (no amulet)
HPRegen 0.10/turn               (no ring)
MPRegen 0.08/turn               (no ring)

@: no status effects
A: no striking features
a: no special abilities


You were on level 2 of the Dungeon.
You visited 1 branch of the dungeon, and saw 2 of its levels.

You collected 30 gold pieces.

Inventory:

Hand Weapons
 a - a +0 hand axe (weapon)
Missiles
 d - 88 stones (quivered)
Armour
 b - a +0 robe (worn)
Scrolls
 c - a scroll of identify {unknown}
 g - a scroll of vulnerability {unknown}
 h - a scroll of magic mapping {unknown}
Potions
 e - 2 potions of heal wounds {unknown}
 f - a potion of magic {unknown}
 i - a potion of attraction {unknown}
 j - a potion of mutation {unknown}


   Skills:
 - Level 3.6 Fighting
 + Level 5.4 Axes
 + Level 1.2 Throwing
 - Level 2.4 Dodging
 - Level 1.5 Stealth


You had 2 spell levels left.
You didn't know any spells.
Your spell library contained the following spells:

 Spells                   Type           Power      Damage    Failure   Level
 Gell's Gravitas          Tloc           0%         N/A       75%         3
 Lesser Beckoning         Tloc           0%         N/A       75%         3
 Teleport Other           Tloc           0%         N/A       75%         3
 Chain Lightning          Conj/Air       0%         N/A       100%        9
 Fire Storm               Conj/Fire      0%         5d1       100%        9
 Shatter                  Erth           0%         3d5*      100%        9


Dungeon Overview and Level Annotations

Branches:
Dungeon (2/15)

Altars:

Annotations:
D:2 Crazy Yiuf


Message History

The ball python barely misses you. The ball python grabs you.
The ball python constricts you.
You escape the ball python's grasp.
The ball python bites you.
* * * LOW HITPOINT WARNING * * *
The ball python grabs you. The ball python constricts you.
You escape the ball python's grasp.
The ball python bites you.
* * * LOW HITPOINT WARNING * * *
The ball python misses you.
Crazy Yiuf cries, "Goober sizzlefizz hand!"
The ball python completely misses you. The ball python closely misses you.
Crazy Yiuf cries, "Spliff turtle sanguine!"
There is a stone staircase leading up here.
The ball python barely misses you. The ball python grabs you.
You stop ascending the stairs.
The ball python constricts you.
* * * LOW HITPOINT WARNING * * *
You escape the ball python's grasp.
The ball python barely misses you. x2
Crazy Yiuf grits, "Ghoul!"
The ball python bites you but does no damage.
The ball python grabs you. The ball python constricts you.
You escape the ball python's grasp.
Crazy Yiuf cries, "Whippet!"
Crazy Yiuf screams, "Candle koolooloo meccalolo!"
The ball python bites you but does no damage.
The ball python barely misses you.
Crazy Yiuf laughs, "Goober!"
There is a stone staircase leading up here.
You don't know any spells.
The ball python bites you.
* * * LOW HITPOINT WARNING * * *
The ball python grabs you.
You stop ascending the stairs.
The ball python constricts you.
* * * LOW HITPOINT WARNING * * *
Crazy Yiuf says, "Walk senile blue!"
You hit the ball python.
You kill the ball python!
Crazy Yiuf hits you with a +3 quarterstaff of chaos!
You die...

#### #.........# #.....# ...#
#.........# #.....# ...#
#.........# #.....#
...#########.........###.....#
....................#........#
.<.###.......................#
...#...#####...†<.....##.....#
...#.#######....g....###.....#
................@....# #######
..#...######.........#
..###...............##
...##.......##..>..##
....#...........#### ######
................###### #....#
.....................# #....#
...############....#.#####....#
.......# ######...............#


You could see Crazy Yiuf.

Vanquished Creatures
  A dart slug (D:1)
  5 ball pythons
  An endoplasm (D:2)
  3 giant cockroaches
  4 goblins
  5 hobgoblins
  2 quokkas (D:1)
  5 bats
  3 frilled lizards
  2 kobolds (D:1)
  3 rats
34 creatures vanquished.

Notes
Turn   | Place    | Note
-------+----------+-------------------------------------------
     0 | D:1      | mcbry74 the Hill Orc Monk began the quest for the Orb.
     0 | D:1      | Reached XP level 1. HP: 19/19 MP: 1/1
   132 | D:1      | Reached XP level 2. HP: 12/26 MP: 2/2
   456 | D:1      | Reached skill level 5 in Axes
   645 | D:1      | Found a faded altar of an unknown god.
   989 | D:1      | Reached XP level 3. HP: 30/31 MP: 3/3
  1182 | D:2      | Reached skill level 1 in Throwing
  1467 | D:2      | Found a runed translucent door.
  1468 | D:2      | Noticed Crazy Yiuf
  1560 | D:2      | Mangled by Crazy Yiuf

Illustrated notes

Levels and vault maps discovered:
D:1:      minmay_arrival_shattered_statue, layout_loops_ring,
          chequers_ecumenical_altar_island, moated_statue, minivault_24,
          chequers_hall_statues_wall_a, minmay_tromino_v7
D:2:      layout_rooms, uniq_crazy_yiuf_cottage

Skill      XL: |  1  2  3 |
---------------+----------+-----
Axes           | 5 |  5.4
Throwing       | 1 |  1.2
Fighting       | |  3.6
Dodging        | |  2.4
Stealth        | |  1.5

Action                   || total
-------------------------++-------
Melee: Hand axe          ||    80
Throw: Stone             ||    22
 Stab: Sleeping          ||     2
Armor: Robe              ||    18
Dodge: Dodged            ||    44
